 Dungeon Crawl Stone Soup version 0.27-a0-604-g29a88b33a7 (webtiles) character file.

Game seed: 6022932921077915530

37 robertstho the Conjurer (level 3, 0/21 HPs)
             Began as an Octopode Conjurer on Mar 12, 2021.
             Slain by an ufetubus (4 damage)
             ... on level 2 of the Dungeon.
             The game lasted 00:01:39 (1526 turns).

robertstho the Conjurer (Octopode Conjurer)         Turns: 1526, Time: 00:01:40

Health: 0/21       AC:  1    Str: 12    XL:     3   Next: 39%
Magic:  6/6        EV: 13    Int: 21    God:
Gold:   58         SH:  0    Dex: 10    Spells: 5/6 levels left

rFire    . . .     SeeInvis .   f - +0 dagger (venom)
rCold    . . .     Faith    .   (no shield)
rNeg     . . .     Spirit   .   (helmet restricted)
rPois    .         Reflect  .   (no amulet)
rElec    .         Harm     .   d - +6 ring of strength
rCorr    .         Rampage  .   (no ring)
Will     .....                  (no ring)
Stlth    +++.......             (no ring)
HPRegen  0.07/turn              (no ring)
MPRegen  0.10/turn              (no ring)
                                (no ring)
                                (no ring)

@: no status effects
A: almost no armour, amphibious, 8 rings, camouflage 1, gelatinous body 1,
nimble swimmer 1, tentacles
a: no special abilities


You were on level 2 of the Dungeon.
You visited 1 branch of the dungeon, and saw 2 of its levels.

You collected 58 gold pieces.

Inventory:

Hand Weapons
 f - a +0 dagger of venom (weapon)
Jewellery
 d - a +6 ring of strength (left tentacle)
Potions
 a - a potion of ambrosia {unknown}
 c - 2 potions of haste {unknown}
 e - a potion of heal wounds {unknown}


   Skills:
 + Level 2.0 Dodging
 * Level 3.6 Stealth
 + Level 2.1 Spellcasting
 + Level 4.7 Conjurations


You had 5 spell levels left.
You knew the following spells:

 Your Spells              Type           Power      Damage    Failure   Level
a - Magic Dart            Conj           88%        1d7       1%          1

Your spell library contained the following spells:

 Spells                   Type           Power      Damage    Failure   Level
 Searing Ray              Conj           44%        3d4       3%          2
 Dazzling Flash           Conj/Hex       24%        N/A       17%         3
 Fulminant Prism          Conj/Hex       6%         3d7       50%         4
 Iskenderun's Mystic Bla  Conj/Tloc      12%        2d5       50%         4


Dungeon Overview and Level Annotations

Branches:
Dungeon (2/15)

Altars:


Innate Abilities, Weirdness & Mutations

You cannot wear most types of armour.
You are amphibious.
You can wear up to eight rings at the same time.
Your skin changes colour to match your surroundings (Stealth+).
Your rubbery body absorbs attacks. (AC +1, EV +1)
You are stealthy while swimming. (Stealth+)
You have tentacles for arms and can constrict up to eight enemies at once.


Message History

The kobold shouts!
You hit the kobold.
The kobold is poisoned.
Your grab misses the kobold.
The kobold is moderately wounded.
You hear a shout!
An ufetubus comes into view.
The kobold closely misses you. The kobold completely misses you.
You hear a shout!
You hit the kobold but do no damage.
The kobold looks as sick as possible!
Your grab misses the kobold.
The kobold is moderately wounded.
You kill the kobold!
The kobold misses you.
You miss the kobold. Your grab misses the kobold.
The kobold closely misses you.
You barely miss the kobold. Your grab misses the kobold.
Your squeeze misses the kobold. The kobold completely misses you.
You closely miss the ufetubus. Your grab misses the ufetubus.
The ufetubus closely misses you. The ufetubus barely misses you.
The kobold closely misses you. The ufetubus closely misses you.
The ufetubus barely misses you.
You closely miss the ufetubus. Your grab misses the ufetubus.
The ufetubus closely misses you. The ufetubus hits you. The kobold hits you.
You barely miss the ufetubus. Your grab misses the ufetubus.
Your squeeze misses the ufetubus. The ufetubus barely misses you.
The ufetubus hits you. The kobold misses you. The ufetubus misses you.
The ufetubus closely misses you.
You are too injured to fight recklessly!
You are too injured to fight recklessly!
The ufetubus barely misses you. The ufetubus hits you.
You see here a +0 short sword.
The ufetubus closely misses you. The ufetubus hits you.
* * * LOW HITPOINT WARNING * * *
Found a green potion.
The ufetubus hits you.
* * * LOW HITPOINT WARNING * * *
The ufetubus closely misses you.
Found 27 arrows.
Found a stone staircase leading down.
You aren't carrying any scrolls.
The ufetubus hits you.
You die...

##.#..# ###..#..##
..
...[<....######.#.#
.#######.##.....#.#
#....# .# #$..)##
.# #..##..# .#
#.####.####.# ...
#.K.5@!# ....
####......... .#.#.
#......... #.
#..$......
.>........
#..........
##.........
....(.....


You could see an ufetubus and a kobold.

Vanquished Creatures
  3 dart slugs (D:1)
  A leopard gecko (D:1)
  5 goblins (D:1)
  A hobgoblin (D:1)
  6 jackals (D:1)
  6 bats (D:1)
  3 kobolds
  2 rats (D:1)
27 creatures vanquished.

Notes
Turn   | Place    | Note
-------+----------+-------------------------------------------
     0 | D:1      | robertstho the Octopode Conjurer began the quest for the
                  | Orb.
     0 | D:1      | Reached XP level 1. HP: 11/11 MP: 3/3
   562 | D:1      | Reached XP level 2. HP: 17/17 MP: 5/5
  1246 | D:1      | Reached XP level 3. HP: 16/21 MP: 6/6
  1526 | D:2      | Slain by an ufetubus

Illustrated notes

Levels and vault maps discovered:
D:1:      lemuel_arrival_tunnels, layout_basic
D:2:      layout_rooms, minmay_bisected

Skill      XL: |  1  2 |
---------------+-------+-----
Stealth        | 3 |  3.6
Dodging        | |  2.0
Spellcasting   | |  2.1
Conjurations   | |  4.7

Action                   || total
-------------------------++-------
Melee: Unarmed           ||     8
       Tentacles         ||    11
       Dagger            ||    61
       Constrict         ||    13
 Cast: Magic Dart        ||     6
 Stab: Sleeping          ||    10
Armor: Skin              ||     8
Dodge: Dodged            ||    60

Table legend: (Time is in decaauts)
 A = Elapsed time spent in this place.
 B = Non-inter-level travel time spent in this place.
 C = Inter-level travel time spent in this place.
 D = Time resting spent in this place.
 E = Time spent auto-exploring this place.
 F = Levels seen in this place.
 G = Mean time per level.
                   A        B        C        D        E       F      G
               +--------+--------+--------+--------+--------+-----+--------+
         Total |   1524 |   1511 |     13 |    396 |    900 |   2 |  762.0 |
       Dungeon |   1524 |   1511 |     13 |    396 |    900 |   2 |  762.0 |
               +--------+--------+--------+--------+--------+-----+--------+

Top non-repeatable levels by time:
     D:1: 1503 daAuts
     D:2: 20 daAuts
